 Dungeon Crawl Stone Soup version 0.29.1-12-g30fa7ad0bf (webtiles) character file.

Game seed: 1970911143264862373

40 javelincjr the Trooper (level 3, -1/29 HPs)
             Began as a Demonspawn Abyssal Knight on Jan 10, 2023.
             Was a Believer of Lugonu.
             Slain by Robin
             ... wielding a +0 trident
              (2 damage)
             ... on level 2 of the Dungeon.
             The game lasted 00:04:40 (1154 turns).

javelincjr the Trooper (Demonspawn Abyssal Knight)  Turns: 1154, Time: 00:04:40

Health: -1/29      AC:  6    Str: 13    XL:     3   Next: 30%
Magic:  4/4        EV: 11    Int: 11    God:    Lugonu [**....]
Gold:   41         SH:  0    Dex: 15    Spells: 2/2 levels left

rFire   . . .      SeeInvis .   a - +1 spear
rCold   . . .      Faith    .   (no shield)
rNeg    . . .      Spirit   .   b - +0 leather armour
rPois   .          Reflect  .   i - +2 helmet
rElec   .          Harm     .   (no cloak)
rCorr   .          Rampage  .   (no gloves)
Will    .....                   (no boots)
Stlth   +.........              (no amulet)
HPRegen 0.09/turn               (no ring)
MPRegen 0.09/turn               (no ring)

@: no status effects
A: powered by death 1, weakness stinger 1
a: Renounce Religion, Depart the Abyss, Bend Space


You were on level 2 of the Dungeon.
You worshipped Lugonu.
Lugonu was pleased with you.
You visited 1 branch of the dungeon, and saw 2 of its levels.
You visited the Abyss 1 time.

You collected 41 gold pieces.

Inventory:

Hand Weapons
 a - a +1 spear (weapon)
Armour
 b - a +0 leather armour (worn)
 i - a +2 helmet (worn)
Scrolls
 d - a scroll of fog {unknown}
 e - 3 scrolls of amnesia {unknown}
 f - a scroll of blinking {unknown}
 h - a scroll of identify {unknown}
 j - a scroll of magic mapping {unknown}
 k - a scroll of teleportation {unknown}
Potions
 c - 2 potions of curing {unknown}
 g - a potion of ambrosia {unknown}


   Skills:
 + Level 3.6 Fighting
 + Level 2.6 Polearms
 + Level 1.9 Armour
 + Level 0.9 Dodging
 + Level 2.5 Invocations


You had 2 spell levels left.
You didn't know any spells.
Your spell library was empty.

Dungeon Overview and Level Annotations

Branches:
Dungeon (2/15)

Altars:

Annotations:
D:2 Robin


Innate Abilities, Weirdness & Mutations

You regenerate a little health from kills.
You have a small tail.


Message History

The bat barely misses you. The hobgoblin closely misses you.
Robin hits you with a +0 trident.
You hit Robin.
Robin is severely wounded.
The bat misses you. The hobgoblin barely misses you.
Robin hits you with a +0 trident.
You hit Robin.
Robin is severely wounded.
The hobgoblin barely misses you. Robin hits you but does no damage.
The bat misses you.
You hit Robin but do no damage.
Robin is severely wounded.
The bat hits you. The bat hits you but does no damage.
The hobgoblin barely misses you. Robin hits you with a +0 trident.
You hit Robin but do no damage.
Robin is severely wounded.
The bat barely misses you.
The hobgoblin hits you but does no damage.
Robin closely misses you. The bat barely misses you.
You hit Robin.
Robin is almost dead.
The bat barely misses you.
The hobgoblin hits you but does no damage.
Robin hits you with a +0 trident.
* * * LOW HITPOINT WARNING * * *
You hit the hobgoblin.
The hobgoblin is lightly wounded.
The hobgoblin barely misses you. Robin hits you with a +0 trident.
* * * LOW HITPOINT WARNING * * *
You hit the hobgoblin.
The hobgoblin is severely wounded.
The bat hits you but does no damage. The hobgoblin closely misses you.
Robin hits you with a +0 trident.
* * * LOW HITPOINT WARNING * * *
You barely miss the hobgoblin.
The hobgoblin is severely wounded.
The bat hits you but does no damage. The hobgoblin hits you.
* * * LOW HITPOINT WARNING * * *
Robin hits you with a +0 trident.
You die...

#......# #......+
#......# # ##+#
'......# ####
##.#!...# #......#
#.#.#.#.#.#.#
#......#
##.#.#.#.#.#
#......#
#.#.#.#.#.#
##'########.#.#)#g#
#.........#.#.#@#
##########.#.#b#g#
#.#.#.#)#.#
##.#.#.#.#.#
#.#.#.#.#.#.# ##.#
#.#.#.#.# #.#
#.#.#.## ## #. #.#
##


You could see Robin, a hobgoblin and a bat.

Vanquished Creatures
  4 dart slugs
  3 bats
  2 endoplasms
  2 giant cockroaches (D:1)
  6 goblins
  3 hobgoblins
  3 kobolds
  A ball python (D:1)
  4 frilled lizards (D:1)
  A rat (D:1)
29 creatures vanquished.

Notes
Turn   | Place    | Note
-------+----------+-------------------------------------------
     0 | Abyss:1  | javelincjr the Demonspawn Abyssal Knight began the quest
                  | for the Orb.
     0 | Abyss:1  | Reached XP level 1. HP: 18/18 MP: 2/2
     0 | Abyss:1  | Found a corrupted altar of Lugonu.
   111 | Abyss:1  | Noticed a thrashing horror
   121 | Abyss:1  | Noticed a harpy zombie
   171 | Abyss:1  | Noticed a floating eye
   173 | Abyss:1  | Paralysed by a floating eye for 2 turns
   177 | Abyss:1  | Noticed a glowing orange brain
   177 | Abyss:1  | a floating eye changed into a glowing orange brain
   183 | Abyss:1  | Noticed an elephant
   185 | D:1      | Escaped the Abyss
   422 | D:1      | Reached ** piety under Lugonu
   568 | D:1      | Gained mutation: You regenerate a little health from kills.
                  | [demonic ancestry]
   568 | D:1      | Reached XP level 2. HP: 17/24 MP: 3/3
  1053 | D:2      | Gained mutation: You have a small tail. [demonic ancestry]
  1053 | D:2      | Reached XP level 3. HP: 29/29 MP: 4/4
  1138 | D:2      | Noticed Robin
  1154 | D:2      | HP: 1/29 [hobgoblin[Robin] (3)]
  1154 | D:2      | Slain by Robin

Illustrated notes

Levels and vault maps discovered:
D:1:      giann_wishing_wells, layout_basic
D:2:      layout_basic, dreamdust_ecumenical_altar_sealed_demon, minivault_23,
          uniq_robin

Skill      XL: |  1 |
---------------+----+-----
Polearms       | 2 |  2.6
Fighting       | |  3.6
Armour         | |  1.9
Dodging        | |  0.9
Invocations    | |  2.5

Action                   || total
-------------------------++-------
Melee: Spear             ||    96
       Punch             ||     1
       Tailslap          ||     3
Invok: Depart the Abyss  ||     1
Armor: Leather armour    ||    37
Dodge: Dodged            ||    61
